 Dungeon Crawl Stone Soup version 0.17.1-3-g152610e (webtiles) character file.

11 angel3174 the Digger (level 2, 0/15 HPs)
             Began as a Gargoyle Earth Elementalist on Mar 12, 2016.
             Slain by a rat (1 damage)
             ... on level 2 of the Dungeon.
             The game lasted 00:07:10 (660 turns).

angel3174 the Digger (Gargoyle Earth Elementalist)   Turns: 660, Time: 00:07:11

Health: 0/15       AC:  4    Str: 11    XL:     2   Next: 29%
Magic:  1/5        EV:  9    Int: 15    God:
Gold:   68         SH:  0    Dex: 10    Spells: 1 memorised, 4 levels left

rFire  . . .     SeeInvis .     i - +3 dagger (venom)
rCold  . . .     Clarity  .     m - +0 robe
rNeg   + . .     SustAt   .     (no shield)
rPois  ∞         Gourm    .     (no helmet)
rElec  +         Spirit   .     (no cloak)
rCorr  .         Warding  .     (no gloves)
rMut   .         Stasis   .     (no boots)
MR     .....                    (no amulet)
Stlth  ++........               (no ring)
                                g - ring of flight

@: constricted, not resistant to hostile enchantments, unstealthy
A: negative energy resistance 1, electricity resistance, unbreathing,
petrification resistance, rot immunity, AC +2
a: Evoke Flight


You were on level 2 of the Dungeon.
You were not hungry.

You visited 1 branch of the dungeon, and saw 2 of its levels.

You collected 68 gold pieces.

Inventory:

Hand Weapons
 e - a +0 dagger
 i - a +3 dagger of venom (weapon)
Missiles
 b - 73 stones (quivered)
Armour
 m - a +0 robe (worn)
Jewellery
 g - a ring of flight (left hand)
Scrolls
 h - a scroll of noise {unknown}
 l - a scroll of remove curse {unknown}
Potions
 a - a potion of flight
 k - a potion of brilliance
Books
 c - a book of Geomancy

   Spells                             Type                      Level
   a - Sandblast                      Earth                        1
   b - Stoneskin                      Transmutation/Earth          2
   c - Passwall                       Transmutation/Earth          3
   d - Stone Arrow                    Conjuration/Earth            3
   e - Petrify                        Transmutation/Earth          4
   f - Lee's Rapid Deconstruction     Earth                        5
Comestibles
 d - a bread ration
 n - a beef jerky


   Skills:
 + Level 1.8 Dodging
 + Level 2.2 Stealth
 + Level 2.0 Spellcasting
   Level 0.7 Transmutations
 + Level 4.1 Earth Magic


You had 4 spell levels left.
You knew the following spells:

 Your Spells              Type           Power        Failure   Level  Hunger
a - Sandblast             Erth           ##....       4%          1    #......


Dungeon Overview and Level Annotations

Branches:
Dungeon (2/15)

Altars:

Annotations:
D:2 Ijyb


Innate Abilities, Weirdness & Mutations

You are resistant to torment.
Your stone body is resilient (AC +2).
You are immune to poison.
You resist negative energy.
You are resistant to electric shocks.
You can survive without breathing.
You are immune to petrification.
You are immune to rotting.


Message History

The bat hits you but does no damage. The rat bites you.
Ijyb hits you but does no damage.
All of the chunks of flesh in your inventory have rotted away.
Your attempt to break free from the ball python fails, but you feel that another attempt might succeed.
The bat closely misses you. The bat barely misses you.
The ball python completely misses you. The ball python constricts you.
The rat closely misses you. Ijyb barely misses you.
You escape the ball python's grasp.
The bat hits you but does no damage. The ball python barely misses you.
The ball python grabs you.
You stop ascending the stairs.
The ball python constricts you. The rat bites you.
* * * LOW HITPOINT WARNING * * *
Ijyb hits you with a dagger.
* * * LOW HITPOINT WARNING * * *
You escape the ball python's grasp.
The bat closely misses you. The ball python bites you.
* * * LOW HITPOINT WARNING * * *
The ball python grabs you.
You stop ascending the stairs.
The ball python constricts you. The rat bites you.
You die...

.... .# .#
...##.##.#
..$.....#
#####..[....#
....%.......##
.............#
....<.Sr.....#
......g@.b...#
).!..........#
.....#######.#
.... #.. #. .


You could see Ijyb, a bat, a ball python and a rat.

Vanquished Creatures
  4 bats (D:1)
  2 goblins (D:1)
  A hobgoblin (D:1)
  A giant newt (D:1)
  2 kobolds (D:1)
  2 rats (D:1)
12 creatures vanquished.

Notes
Turn   | Place    | Note
--------------------------------------------------------------
     0 | D:1      | angel3174 the Gargoyle Earth Elementalist began the quest for the Orb.
     0 | D:1      | Reached XP level 1. HP: 10/10 MP: 3/3
   119 | D:1      | Reached skill level 4 in Earth Magic
   142 | D:1      | Reached XP level 2. HP: 10/15 MP: 1/5
   650 | D:2      | Noticed Ijyb
   660 | D:2      | Slain by a rat

Action                   || total
-------------------------++-------
Melee: Dagger            ||    23
Throw: Stone             ||     5
 Cast: Sandblast         ||    11
  Use: Scroll            ||     3
 Stab: Sleeping          ||     1
